 Dungeon Sprint DCSS version 0.27-a0-1273-gec92ba881d (webtiles) character file.

Game seed: 16314116325668103828

11902 mhtbhm the Warrior (level 11, 0/162 HPs)
             Began as a Minotaur Berserker on June 11, 2021.
             Was the Champion of Trog.
             Killed from afar by a crystal guardian (19 damage)
             ... with a crystal bolt
             ... in the Dungeon (Sprint II: "The Violet Keep of Menkaure").
             The game lasted 00:05:08 (2288 turns).

mhtbhm the Warrior (Minotaur Berserker)             Turns: 2288, Time: 00:05:08

Health: 0/162      AC: 18    Str: 25    XL:     11   Next: 55%
Magic:  0/11       EV: 12    Int:  4    God:    Trog [******]
Gold:   671        SH:  0    Dex: 10    Spells: 10/10 levels left

rFire    + . .     SeeInvis .   a - +4 battleaxe (flame)
rCold    . . .     Faith    .   (shield currently unavailable)
rNeg     . . .     Spirit   +   b - +2 chain mail {rF+}
rPois    +         Reflect  .   (helmet restricted)
rElec    .         Harm     .   (no cloak)
rCorr    .         Rampage  .   (no gloves)
Will     .....     NoTele   +   u - +1 pair of boots
Stlth    ..........             i - amulet of Huso {Spirit +Inv}
HPRegen  0.37/turn              d - ring of poison resistance
MPRegen  0.12/turn              (no ring)

@: berserking, lethally poisoned (0 -> -20), unable to read, slowed
A: horns 2, retaliatory headbutt, frail 1, high mp 1, inability to read while
threatened
a: Renounce Religion, Evoke Invisibility, Berserk, Trog's Hand, Brothers in Arms


You were in the Dungeon.
You worshipped Trog.
Trog was exalted by your worship.
You visited 1 branch You collected 1640 gold pieces.
You spent 969 gold pieces at shops.

Inventory:

Hand Weapons
 a - a +4 battleaxe of flaming (weapon)
Armour
 b - a +2 chain mail of fire resistance (worn)
 u - a +1 pair of boots (worn)
Jewellery
 d - a ring of poison resistance (left hand)
 i - the amulet of Huso (around neck) {Spirit +Inv}
   (You bought it in a shop in the Dungeon)

   [amulet of guardian spirit]

   It causes incoming damage to be divided between your reserves of health and
   magic.
   It lets you turn invisible.
Scrolls
 h - a scroll of blinking
 j - a scroll of fog {unknown}
 l - 3 scrolls of enchant armour {unknown}
 m - a scroll of immolation {unknown}
 n - a scroll of identify {unknown}
 p - a scroll of holy word {unknown}
 q - a scroll of fear {unknown}
 r - 2 scrolls of magic mapping {unknown}
 v - a scroll of amnesia {unknown}
 x - 2 scrolls of acquirement {unknown}
 y - a scroll of vulnerability {unknown}
 B - a scroll of silence {unknown}
Potions
 c - 3 potions of curing
 e - 3 potions of haste
 f - 5 potions of magic
 g - a potion of berserk rage
 k - a potion of brilliance {unknown}
 o - a potion of mutation {unknown}
 s - a potion of lignification {unknown}
 t - a potion of heal wounds
 w - 3 potions of resistance {unknown}
 z - a potion of degeneration {unknown}
 A - 3 potions of flight {unknown}


   Skills:
 + Level 18.8 Fighting
 + Level 18.6 Axes
 + Level 16.0 Armour
 + Level 10.8 Dodging
 + Level 3.2 Stealth


You had 10 spell levels left.
You didn't know any spells.
Your spell library was empty.

Dungeon Overview and Level Annotations

Branches:
Dungeon (1/1)

Altars:
Cheibriados
Dithmenos
Elyvilon
Fedhas
Gozag
Hepliaklqana
Kikubaaqudgha
Makhleb
Nemelex Xobeh
Okawaru
Qazlal
Ru
Sif Muna
Trog
Uskayaw
Vehumet
Wu Jian
Xom
Yredelemnul
Zin
The Shining One
Beogh
Jiyva
Lugonu

Shops:
D :?::![[!=?==:?(

Annotations:
D exclusion: oklob plant


Innate Abilities, Weirdness & Mutations

You have a pair of horns on your head.
You reflexively headbutt those who attack you in melee.
You are frail. (-10% HP)
You have an increased reservoir of magic. (+10% MP)
You sometimes lose the ability to read scrolls when taking damage.


Message History

You feel extremely sick.
A crystal guardian comes into view.
The death drake bites you.
There is a spear trap, spattered with blood here.
You see here a swamp drake corpse.
Unknown command.
You barely miss the death drake.
You can read scrolls again.
You feel very sick. The death drake bites you.
Unknown command.
You slice the death drake!! You burn the death drake.
The death drake is heavily wounded.
You feel very sick. The death drake breathes miasma at you.
The foul vapour engulfs you!
You feel threatened and lose the ability to read scrolls!
Unknown command.
You slice the death drake!! You burn the death drake!
The death drake is almost dead.
You are engulfed in dark miasma.
* * * LOW HITPOINT WARNING * * *
You feel very sick. The death drake misses you.
Unknown command.
You cut the death drake into ribbons!!! You burn the death drake.
You kill the death drake!
Trog accepts your kill.
You are engulfed in dark miasma.
* * * LOW HITPOINT WARNING * * *
You feel very sick.
Your Armour skill increases to level 16!
You are engulfed in dark miasma.
You are more poisoned.
You feel as though you will be slow longer.
* * * LOW HITPOINT WARNING * * *
x2 You feel very sick.
The crystal guardian fires a crystalline bolt at you.
The crystal bolt burns you!! You resist.
You die...

#.°.▓▓▓▓▓▓▓▓▓▓ ...
#...▓§§≈≈§§≈≈▓▓ + .^.
##):▓▓▓▓▓▓▓▓▓▓▓ . .. ..
.#°[▓..(.....▓▓ ##+##.. #.
.#):▓)......:▓▓ ##..##.####
+.##.#|=▓()...)(.▓▓ .##..# ...#
#...####▓..(....(▓▓ #.#.####..##
#°8##.#▓.([[....▓▓ ##'###.##..#
+°@#..#▓.(((..).▓▓ ##.##...#..#
#°○#..#▓.)....:.▓▓
'.<.'##.'..####°°##)#▓.(....(:▓▓
##.##...#....###°°)##▓▓▓▓▓▓▓'▓▓▓▓
##'###.##......≈≈≈≈≈≈≈≈≈≈≈§§...≈≈
#...####≈≈.....≈#+########§###.≈≈
.)#..#≈≈§≈≈≈§..≈#.._._._.#§§§##≈≈
#...##≈≈§≈≈§≈≈.≈#._._._..#≈§≈§###
##+##≈≈≈≈≈§≈≈≈§§#_._._._.#§≈≈≈§##


You could see a crystal guardian.

Vanquished Creatures
  2 sphinxes (D)
  A kraken (D)
  2 death drakes (D)
  2 deep trolls (D)
  A merfolk siren (D)
  A yaktaur (D)
  3 polar bears (D)
  A hornet (D)
  A blink frog (D)
  12 flying skulls (D)
  4 neqoxecs (D)
  4 water moccasins (D)
  2 swamp drakes (D)
  4 necrophages (D)
  3 worms (D)
  4 tentacles (D)
47 creatures vanquished.

Vanquished Creatures (others)
  Menkaure (D)
  A water moccasin (D)
  8 tentacles (D)
10 creatures vanquished.

Grand Total: 57 creatures vanquished

Notes
Turn   | Place    | Note
-------+----------+-------------------------------------------
     0 | D        | mhtbhm the Minotaur Berserker began the quest for the Orb.
     0 | D        | Reached XP level 1. HP: 19/19 MP: 0/0
     1 | D        | Noticed a necrophage
     1 | D        | Noticed a necrophage
     1 | D        | Noticed a necrophage
     1 | D        | Noticed a necrophage
     4 | D        | Killed a necrophage
     5 | D        | Reached XP level 2. HP: 34/34 MP: 1/1
     5 | D        | Reached XP level 3. HP: 39/39 MP: 2/2
     5 | D        | Reached XP level 4. HP: 47/47 MP: 3/3
     7 | D        | Killed a necrophage
     8 | D        | Reached XP level 5. HP: 56/56 MP: 4/4
    11 | D        | Killed a necrophage
    11 | D        | Reached ** piety under Trog
    12 | D        | Reached skill level 5 in Armour
    12 | D        | Reached skill level 5 in Dodging
    13 | D        | Killed a necrophage
    14 | D        | Reached skill level 10 in Fighting
    14 | D        | Reached skill level 10 in Axes
    14 | D        | Reached XP level 6. HP: 67/67 MP: 5/5
    27 | D        | Killed a water moccasin
    27 | D        | Killed Menkaure
    54 | D        | Noticed a neqoxec
    59 | D        | Killed a neqoxec
   216 | D        | Noticed a neqoxec
   216 | D        | Noticed a neqoxec
   217 | D        | Noticed a neqoxec
   218 | D        | Gained mutation: You are frail. (-10% HP) [a neqoxec]
   220 | D        | Gained mutation: You have an increased reservoir of magic.
                  | (+10% MP) [a neqoxec]
   221 | D        | Killed a neqoxec
   221 | D        | Reached *** piety under Trog
   222 | D        | Reached XP level 7. HP: 67/67 MP: 6/6
   222 | D        | Gained mutation: You sometimes lose the ability to read
                  | scrolls when taking damage. [a neqoxec]
   224 | D        | Killed a neqoxec
   225 | D        | Found Onoinec's Jewellery Emporium.
   225 | D        | Found Vouto's Jewellery Emporium.
   225 | D        | Found Goaboun's Book Emporium.
   225 | D        | Found Xubagg's Distillery.
   225 | D        | Found Eklit's Magic Scroll Shoppe.
   226 | D        | Found Faodirchi's Antique Weapon Emporium.
   226 | D        | Found Rianaat's Jewellery Shoppe.
   226 | D        | Found Kudo's Magic Scroll Shoppe.
   227 | D        | Killed a neqoxec
   376 | D        | Reached **** piety under Trog
   424 | D        | Noticed a merfolk siren
   430 | D        | Killed a merfolk siren
   431 | D        | Reached XP level 8. HP: 55/77 MP: 7/7
   482 | D        | Found Fuaca's Antique Armour Shoppe.
   482 | D        | Found Amunguob's Antique Armour Emporium.
   486 | D        | Noticed a blink frog
   501 | D        | Killed a blink frog
   502 | D        | Reached skill level 1 in Stealth
   699 | D        | Found Zabroij's Distillery.
   699 | D        | Found Jejaur's Book Shoppe.
   699 | D        | Noticed an oklob plant
   700 | D        | Found Asiuty's Magic Scroll Shoppe.
   700 | D        | Found Pofrew's Book Shoppe.
   700 | D        | Found Cotsyunk's Book Emporium.
   734 | D        | Bought a ring of poison resistance for 240 gold pieces
   749 | D        | Bought a runed chain mail for 157 gold pieces
   764 | D        | Bought the amulet of Huso {Spirit +Inv} for 572 gold pieces
   796 | D        | Found a hazy altar of Hepliaklqana.
   796 | D        | Found a snail-covered altar of Cheibriados.
   797 | D        | Found a stormy altar of Qazlal.
   797 | D        | Found a viscous altar of Jiyva.
   797 | D        | Found a shadowy altar of Dithmenos.
   798 | D        | Found a sacrificial altar of Ru.
   798 | D        | Found an ancient bone altar of Kikubaaqudgha.
   798 | D        | Found a white marble altar of Elyvilon.
   799 | D        | Found an ornate altar of the Wu Jian Council.
   799 | D        | Found a shimmering blue altar of Sif Muna.
   799 | D        | Found a corrupted altar of Lugonu.
   800 | D        | Found a shimmering altar of Xom.
   800 | D        | Found a bloodstained altar of Trog.
   800 | D        | Found a burning altar of Makhleb.
   801 | D        | Found a glowing golden altar of the Shining One.
   801 | D        | Found a basalt altar of Yredelemnul.
   801 | D        | Found a hide-covered altar of Uskayaw.
   802 | D        | Found a glowing silver altar of Zin.
   802 | D        | Found a radiant altar of Vehumet.
   802 | D        | Noticed a polar bear
   811 | D        | Killed a polar bear
   811 | D        | Reached ***** piety under Trog
   876 | D        | Noticed a yaktaur
   876 | D        | Noticed a hornet
   876 | D        | Noticed a polar bear
   876 | D        | Noticed a polar bear
   881 | D        | Killed a polar bear
   884 | D        | Killed a hornet
   884 | D        | Received a gift from Trog
   885 | D        | Reached skill level 15 in Axes
   885 | D        | Reached XP level 9. HP: 86/86 MP: 8/8
   887 | D        | Killed a yaktaur
   898 | D        | Killed a polar bear
   899 | D        | Reached skill level 15 in Fighting
   954 | D        | Noticed a kraken
  1334 | D        | Killed a kraken
  1335 | D        | Reached skill level 10 in Armour
  1335 | D        | Reached XP level 10. HP: 96/96 MP: 8/10
  1419 | D        | Found a sparkling altar of Nemelex Xobeh.
  1419 | D        | Found a blossoming altar of Fedhas.
  1627 | D        | Found an iron altar of Okawaru.
  1627 | D        | Found an opulent altar of Gozag.
  1639 | D        | Noticed a deep troll
  1639 | D        | Noticed a deep troll
  1645 | D        | Killed a deep troll
  1651 | D        | Killed a deep troll
  1827 | D        | Noticed a sphinx
  1827 | D        | Noticed a sphinx
  1828 | D        | Paralysed by a sphinx for 3 turns
  1838 | D        | Killed a sphinx
  1838 | D        | Received a gift from Trog
  1839 | D        | Reached skill level 10 in Dodging
  1842 | D        | Killed a sphinx
  1843 | D        | Reached XP level 11. HP: 39/107 MP: 4/11
  2118 | D        | Reached ****** piety under Trog
  2121 | D        | Received a gift from Trog
  2122 | D        | Reached skill level 15 in Armour
  2268 | D        | Noticed a death drake
  2272 | D        | Noticed a death drake
  2279 | D        | Killed a death drake
  2282 | D        | Received a gift from Trog
  2283 | D        | Noticed a crystal guardian
  2287 | D        | Killed a death drake
  2288 | D        | Killed from afar by a crystal guardian

Illustrated notes

Levels and vault maps discovered:
D:        the_violet_keep_of_menkaure [sprint2_stairs_cluster_1,
          sprint2_shoproom, sprint2_temple, sprint2_basic_supplies,
          sprint2_obstacle_5, sprint2_obstacle_1, sprint2_obstacle_6,
          sprint2_obstacle_4, sprint2_obstacle_7, sprint2_timed_cluster_1,
          sprint2_smallroom_cluster_1, sprint2_smallroom_final_cluster_1,
          sprint2_transparent_cluster_1, sprint2_second_timed_cluster_1,
          sprint2_sniper_area_1, sprint2_heavy_combat_area_1,
          sprint2_mutation_trap_area_1, sprint2_forest_area_1,
          sprint2_light_combat_area_1, sprint2_behind_water_1,
          sprint2_near_end_vault_1]

Skill      XL: |  1  2  3  4  5  6  7  8  9 10 11 |
---------------+----------------------------------+-----
Fighting       | 7 8 10 11 13 14 16 18 | 18.8
Axes           | 7 8 10 11 13 15 16 17 18 | 18.6
Armour         | 4 5 6 7 8 10 14 16 | 16.0
Dodging        | 3 4 5 6 8 9 10 | 10.8
Stealth        | 1 2 3 |  3.2

Action                   |  1- 3 |  4- 6 |  7- 9 | 10-12 || total
-------------------------+-------+-------+-------+-------++-------
Melee: Hand axe          |     2 |    17 |    79 |    40 ||   138
       Headbutt          |     1 |     3 |    23 |    16 ||    43
       Battleaxe         |       |       |       |    57 ||    57
Invok: Berserk           |     1 |     2 |     5 |     4 ||    12
  Use: Potion            |       |       |     1 |       ||     1
Armor: Animal skin       |       |     2 |     3 |       ||     5
       Chain mail        |       |       |    19 |    54 ||    73
Dodge: Dodged            |     1 |     3 |    30 |    48 ||    82

Table legend: (Time is in decaauts)
 A = Elapsed time spent in this place.
 B = Non-inter-level travel time spent in this place.
 C = Inter-level travel time spent in this place.
 D = Time resting spent in this place.
 E = Time spent auto-exploring this place.
 F = Levels seen in this place.
 G = Mean time per level.
                   A        B        C        D        E       F      G
               +--------+--------+--------+--------+--------+-----+--------+
         Total |   2427 |   2427 |      0 |   1712 |      0 |   1 | 2427.0 |
       Dungeon |   2427 |   2427 |      0 |   1712 |      0 |   1 | 2427.0 |
               +--------+--------+--------+--------+--------+-----+--------+

Top non-repeatable levels by time:
       D: 2427 daAuts
